AoeStats
← KG.专业开脑壳

Fortress

508866013Analyzed
2v2 RM · 6d ago on Sep 24, 2026· 10m 44s· 4 players
Game mode
Random Map
Map size
Normal (6 player)
Population
200
Speed
Normal
Resources
Standard
Victory
Conquest
Starting age
Dark Age
Ending age
Imperial Age
RankedLock teamsTeams togetherTeam positionsShared explorationLock speedFull tech treeHidden civsTurbo modeCheats
Victory
Defeat
🇧🇪 Danes · Belgium
1226
+14
🇧🇷 Spanish · Brazil
1175
+16
🇮🇳 Ethiopians · India
1212
-17
🇨🇳 Italians · China
1127
-13
Dr_Known
7:34 Feudal Age
11:09 Castle Age
10:13 Double-Bit Axe
10:11 Horse Collar
11:02 Loom
HighLanderGhost
8:03 Feudal Age
8:49 Double-Bit Axe
11:36 Castle Age
10:07 Horse Collar
Hyderabad (Ind)
7:41 Feudal Age
11:25 Castle Age
9:40 Horse Collar
9:50 Double-Bit Axe
10:20 Gold Mining
KG.专业开脑壳
4:34 Loom
6:33 Feudal Age
10:47 Castle Age
8:40 Double-Bit Axe
9:11 Horse Collar
Connection lost

Rejoining the realm…

Still unreachable

The connection could not be restored.

Session expired

The server has moved on; the page needs a fresh start.